 Dungeon Crawl Stone Soup version 0.14-a0-1719-ga7e7698 (webtiles) character file.

288 CrazyArbalest the Cudgeler (level 5, 0/82 HPs)
             Began as an Ogre Berserker on Jan 1, 2014.
             Was a Priest of Trog.
             Killed by nerve-wracking pain
             ... invoked by Grinder
              (7 damage)
             ... on Level 3 of the Dungeon.
             The game lasted 00:11:02 (2257 turns).

CrazyArbalest the Cudgeler (Ogre Berserker)         Turns: 2257, Time: 00:11:03

HP   0/82        AC  3     Str 27      XL: 5   Next: 57%
MP   5/5         EV  8     Int  7      God: Trog [***...]
Gold 111         SH 17     Dex  9      Spells:  0 memorised,  4 levels left

rFire  . . .     SeeInvis .     a - +0 mace
rCold  . . .     Clarity  .     b - +0 animal skin
rNeg   . . .     Conserve .     h - +0 dwarf shield
rPois  .         rCorr    .     (helmet restricted)
rElec  .         rRot     .     (no cloak)
SustAb . .       Spirit   .     (gloves unavailable)
rMut   .         Warding  .     (boots unavailable)
Saprov + . .     Stasis   .     j - amulet of inaccuracy {unknown}
                                (no ring)
                                d - cursed ring of hunger

@: berserking, very quick, slightly resistant to hostile enchantments, extremely
unstealthy
A: unfitting armour, fast metabolism 1, saprovore 1, tough skin 1
a: Burn Spellbooks, Berserk, Trog's Hand, Renounce Religion


You were on level 3 of the Dungeon.
You worshipped Trog.
Trog was most pleased with you.
You were not hungry.

You visited 1 branch of the dungeon, and saw 3 of its levels.

You collected 111 gold pieces.

Inventory:

Hand weapons
 a - a +0,+0 mace (weapon)
Armour
 b - a +0 animal skin (worn)
 h - a +0 dwarven shield (worn)
Magical devices
 r - a wand of invisibility (4)
Comestibles
 c - 2 meat rations
Scrolls
 e - 2 scrolls of identify {unknown}
 i - a scroll of enchant weapon I {unknown}
 k - a scroll of magic mapping {unknown}
 l - 2 scrolls of recharging {unknown}
 o - a scroll of fog {unknown}
 q - a scroll of teleportation {unknown}
Jewellery
 d - a cursed ring of hunger (left hand)
 j - an amulet of inaccuracy (around neck) {unknown}
Potions
 f - 2 potions of curing {unknown}
 m - a potion of brilliance {unknown}
 n - a potion of heal wounds {unknown}


   Skills:
 + Level 4.5 Fighting
 + Level 4.7 Maces & Flails
 * Level 2.1 Throwing
 + Level 4.3 Dodging
 + Level 0.1 Stealth
 * Level 1.4 Shields


You had 4 spell levels left.
You didn't know any spells.

Dungeon Overview and Level Annotations

Branches:
Dungeon (3/16)

Altars:
Fedhas
Yredelemnul

Annotations:
D:3 Grinder


Innate Abilities, Weirdness & Mutations

You are too large for most types of armour.
You have a fast metabolism.
You can tolerate rotten meat.
You have tough skin (AC +1).


Message History

Grinder hits you.
* * * LOW HITPOINT WARNING * * *
You writhe in agony.
* * * LOW HITPOINT WARNING * * *
You continue eating.
You block Grinder's attack. Grinder hits you.
* * * LOW HITPOINT WARNING * * *
You finish eating.
That bread ration really hit the spot!
Use which ability? (? or * to list)
A red film seems to cover your vision as you go berserk!
You feel yourself moving faster!
You feel mighty!
You feel somewhat more hungry. You block Grinder's attack.
You hit Grinder.
Grinder is lightly wounded.
Grinder hits you.
* * * LOW HITPOINT WARNING * * *
You writhe in agony.
Grinder gestures at you. Pain shoots through your body!
You die...

#### #.# ######.# ...# #.#
#....... ...############.#
#......<
.<.'..........#.##########.......
...##########...[....)...........
#..# ###..#########...(... ####
##.# #.....>. ..## #.# ####.###
⌠..# #@# #..# ...# ########5###
##.## _.## #(.........# #..# ###
#..........# ##.# #..........#
#+# #..........# ...............
##..........### #..........#


You could see Grinder.

Vanquished Creatures
  An ogre (D:3)
  Ijyb (D:3)
  2 adders (D:3)
  A giant gecko (D:2)
  10 bats
  4 giant cockroaches
  7 goblins
  10 hobgoblins
  5 jackals (D:2)
  10 kobolds
  A quokka (D:2)
  4 giant newts
  9 rats
65 creatures vanquished.

Notes
Turn   | Place    | Note
--------------------------------------------------------------
     0 | D:1      | CrazyArbalest, the Ogre Berserker, began the quest for the Orb.
     0 | D:1      | Reached XP level 1. HP: 24/24 MP: 1/1
   111 | D:1      | Reached XP level 2. HP: 22/32 MP: 2/2
   308 | D:1      | Acquired Trog's second power
   782 | D:1      | Reached XP level 3. HP: 35/39 MP: 3/3
  1631 | D:2      | Reached XP level 4. HP: 24/49 MP: 4/4
  1871 | D:3      | Noticed an ogre
  1879 | D:3      | Reached skill level 1 in Throwing
  1931 | D:3      | Killed an ogre
  1931 | D:3      | Reached skill level 1 in Shields
  1931 | D:3      | Reached XP level 5. HP: 55/55 MP: 5/5
  2078 | D:3      | Noticed Ijyb
  2088 | D:3      | Killed Ijyb
  2192 | D:3      | Found a basalt altar of Yredelemnul.
  2193 | D:3      | Found a blossoming altar of Fedhas.
  2242 | D:3      | Noticed Grinder
  2257 | D:3      | Killed from afar by Grinder

Action                   |  1- 3 |  4- 6 || total
-------------------------+-------+-------++-------
Melee: Mace              |   231 |    47 ||   278
Invok: Berserk           |       |     3 ||     3
Evoke: Wand              |       |     1 ||     1
